 Dungeon Crawl Stone Soup version 0.27-a0-1060-gcb85b5eba1 (webtiles) character file.

Game seed: 13687674450731732346

2748510 Ge0ff the Sorcerer (level 27, 205/205 HPs)
             Began as a Djinni Air Elementalist on Apr 20, 2021.
             Was the Champion of Makhleb.
             Escaped with the Orb
             ... and 4 runes on Apr 21, 2021!
             The game lasted 02:33:02 (56287 turns).

Ge0ff the Sorcerer (Djinni Air Elementalist)       Turns: 56287, Time: 02:33:02

Health: 205/205    AC: 24    Str: 10    XL:     27
Gold:   5005       EV: 20    Int: 34    God:    Makhleb [******] SH: 26 Dex: 16

rFire    + . .     SeeInvis +   a - staff of conjuration
rCold    . . .     Faith    .   A - +5 tower shield {AC+3}
rNeg     + . .     Spirit   .   G - +4 troll leather armour
rPois    ∞         Reflect  .   i - +2 helmet {SInv}
rElec    +         Harm     .   Q - +1 cloak of the Ladybird {Will+ Regen+}
rCorr    .         Rampage  .   J - +2 pair of gloves {Str+3}
Will     +++++     Clarity  +   (boots unavailable)
Stlth    +.........             X - amulet of the Four Winds {rN+ Will+++ Clar}
HPRegen  2.44/turn              C - ring "Fykosum" {rElec Will+ Int+6 Slay+2, =R}
MPRegen  0.00/turn              x - ring of ice

@: flying, studying Maces & Flails
A: fire resistance 2, cold vulnerability 1, float, innate caster, hp casting,
extra vitality 1
0: Orb of Zot
}: 4/15 runes: barnacled, slimy, silver, gossamer
a: Renounce Religion, Minor Destruction, Lesser Servant of Makhleb, Major
Destruction, Greater Servant of Makhleb


You escaped.
You worshipped Makhleb.
Makhleb was exalted by your worship.
You visited 11 branches of the dungeon, and saw 55 of its levels.
You also visited: Wizlab.

You collected 8163 gold pieces.
You spent 3158 gold pieces at shops.

Inventory:

Hand Weapons
 b - a +9 spectral rapier
 w - the +7 fustibalus of Turmoil {flame, +Blink rPois rCorr}
   (You found it on level 5 of the Pits of Slime)

   It causes projectiles fired from it to burn those they strike, causing extra
   injury to most foes and up to half again as much damage against particularly
   susceptible opponents.
   It protects you from poison.
   It lets you blink.
   It protects you from acid and corrosion.
Missiles
 g - 9 throwing nets {=f}
 v - 19 curare-tipped darts {=f}
Armour
 h - the -1 helmet "Goame" {rCorr Int+4 Dex+2}
   (You found it on level 2 of the Spider Nest)

   It affects your intelligence (+4).
   It affects your dexterity (+2).
   It protects you from acid and corrosion.
 i - a +2 helmet of see invisible (worn)
 A - a +5 tower shield of protection (worn)
 G - a +4 troll leather armour (worn)
 J - a +2 pair of gloves of strength (worn)
 Q - the +1 cloak of the Ladybird (worn) {Will+ Regen+}
   (You found it on level 14 of the Dungeon)

   It increases your rate of health regeneration.
   It increases your willpower.
 Y - a +5 kite shield of fire resistance
Magical Staves
 a - a staff of conjuration (weapon)
Jewellery
 f - the ring of the Salmon {Wiz rPois Will+ Str-4 Int+6}
   (You took it off a deep elf zephyrmancer on level 3 of the Elven Halls)

   [ring of wizardry]

   It improves your spell success rate.
   It affects your strength (-4).
   It affects your intelligence (+6).
   It protects you from poison.
   It increases your willpower.
 x - a ring of ice (right hand)
 C - the ring "Fykosum" (left hand) {rElec Will+ Int+6 Slay+2, =R}
   (You acquired it on level 5 of the Dungeon)

   [ring of intelligence]

   It affects your intelligence (+6).
   It affects your accuracy and damage with ranged weapons and melee attacks
   (+2).
   It insulates you from electricity.
   It increases your willpower.
 D - the ring of Goickoet {rPois Will+ Str+7 Int+2 Dex-4}
   (You took it off a merfolk impaler on level 4 of the Shoals)

   [ring of willpower]

   It affects your strength (+7).
   It affects your intelligence (+2).
   It affects your dexterity (-4).
   It protects you from poison.
   It increases your willpower.
 K - an amulet of reflection
 X - the amulet of the Four Winds (around neck) {rN+ Will+++ Clar}
   (You found it on level 4 of the Shoals)

   [amulet of nothing]

   It protects you from negative energy.
   It protects you against confusion.
   It greatly increases your willpower.
 Z - an amulet of regeneration
Wands
 d - a wand of digging (1)
 e - a wand of charming (25)
 j - a wand of acid (44)
 k - a wand of iceblast (26)
 p - a wand of paralysis (24)
 s - a wand of mindburst (25)
 P - a wand of polymorph (51)
Scrolls
 m - 3 scrolls of magic mapping
 u - 4 scrolls of holy word
 y - 5 scrolls of immolation
 B - 7 scrolls of blinking
 E - 12 scrolls of fear
 F - 8 scrolls of fog
 S - 6 scrolls of summoning
 T - 25 scrolls of teleportation
 V - 9 scrolls of vulnerability
Potions
 o - 5 potions of ambrosia
 q - 20 potions of curing
 r - 6 potions of mutation {!q}
 z - 3 potions of brilliance
 H - 9 potions of haste {!q}
 I - 5 potions of invisibility
 L - 17 potions of lignification
 M - a potion of might
 N - 3 potions of cancellation {!q}
 R - 2 potions of resistance
 W - 14 potions of heal wounds {!q}
Miscellaneous
 c - a condenser vane
 l - a lightning rod (4/4)
 n - a phial of floods
 t - a tin of tremorstones (2/2)
 O - a box of beasts
 U - a phantom mirror


   Skills:
 - Level 20.0 Fighting
 - Level 6.0 Throwing
 - Level 17.0 Armour
 - Level 17.0 Dodging
 - Level 1.5 Stealth
 + Level 21.9 Shields
 - Level 25.0 Spellcasting
 - Level 17.0 Evocations


You couldn't memorise any spells.
You knew the following spells:

 Your Spells              Type           Power      Damage    Failure   Level
a - Necromutation         Tmut/Necr      59%        N/A       1%          8
b - Statue Form           Tmut/Erth      79%        N/A       0%          6
d - Call Canine Familiar  Summ           100%       N/A       0%          3
f - Absolute Zero         Ice            72%        ∞         3%          9
g - Apportation           Tloc           100%       N/A       0%          1
i - Ignition              Fire           59%        3d16      1%          8
j - Inner Flame           Hex/Fire       100%       N/A       0%          3
k - Starburst             Conj/Fire      72%        8x6d19    0%          6
m - Lightning Bolt        Conj/Air       72%        1d97      0%          5
q - Swiftness             Air            100%       N/A       0%          3
s - Spellforged Servitor  Conj/Summ      72%        N/A       1%          7
y - Yara's Violent Unrav  Hex/Tmut       59%        3d22      0%          5
C - Airstrike             Air            59%        N/A       0%          4
E - Static Discharge      Conj/Air       100%       N/A       0%          2
F - Summon Forest         Summ/Tloc      59%        N/A       0%          5
X - Borgnjor's Revivific  Necr           59%        N/A       1%          8
Y - Ensorcelled Hibernat  Hex/Ice        100%       N/A       0%          2
Z - Shock                 Conj/Air       100%       1d9       0%          1
Your spell library was empty.

Dungeon Overview and Level Annotations

Branches:
Dungeon (15/15)            Temple (1/1) D:5            Lair (6/6) D:11
 Shoals (4/4) Lair:2       Spider (4/4) Lair:3        Slime (5/5) Lair:5
    Orc (2/2) D:10            Elf (3/3) Orc:2        Vaults (5/5) D:13
  Crypt (0/3) Vaults:3     Depths (5/5) D:15            Zot (5/5) Depths:5
 WizLab (visited)

Altars:
Ashenzari
Cheibriados
Dithmenos
Elyvilon
Fedhas
Gozag
Hepliaklqana
Kikubaaqudgha
Makhleb
Nemelex Xobeh
Okawaru
Qazlal
Ru
Sif Muna
Trog
Uskayaw
Vehumet
Wu Jian
Xom
Yredelemnul
Zin
The Shining One
Beogh
Jiyva

Shops:
D:6 *   D:11 !   D:14 [!*(   Orc:2 ?([[   Elf:2 ?   Shoals:1 ?   Shoals:3 [
Vaults:3 [   Depths:5 :=:

Portals:
Hell: Depths:1 Depths:2 Depths:3 Depths:4 Depths:5
Abyss: Depths:4 Depths:5
Pandemonium: Depths:3
Ziggurat: Depths:3


Innate Abilities, Weirdness & Mutations

You are immune to poison.
Your flesh is very heat resistant. (rF++)
You are vulnerable to cold. (rC-)
You float through the air rather than walking.
You learn spells naturally, not from books.
Your magical power is your life essence.
You have superior vitality. (+4 HP)


Message History

A red devil, a balrug and a sun demon come into view.
The balrug is wielding a +0 demon whip of electrocution.
You feel a surge of power!
You chill the balrug to absolute zero!
The balrug is frozen into a solid block of ice!
You kill the balrug!
Makhleb accepts your kill.
You feel better.
You feel a surge of power!
You chill the sun demon to absolute zero!
The sun demon is frozen into a solid block of ice!
You kill the sun demon!
Makhleb accepts your kill.
You feel better.
You feel a surge of power!
You chill the red devil to absolute zero!
The red devil is frozen into a solid block of ice!
You kill the red devil!
Makhleb accepts your kill.
You feel better.
(D) Dungeon (T) Temple (L) Lair (A) Shoals (N) Spider Nest (M) Slime Pits (O) Orcish Mines (E) Elven Halls (V) Vaults (C) Crypt (U) Depths (H) Hell (Z) Zot
Where to? (Enter - D:1 @ (x,y), ? - help) HP restored.
There is a stone staircase leading up here.
You fly upwards.
There is a stone staircase leading down here.
There is an open door here.
There is a stone staircase leading up here.
You fly upwards.
There is a stone staircase leading down here.
You see here a +0 giant club.
You see here a +0 falchion.
Things that are here:
a +0 club; a +0 leather armour; a +0 club
There is a stone staircase leading up here.
You fly upwards.
There is a stone staircase leading down here.
There is a stone staircase leading up here.
You fly upwards.
There is a stone staircase leading down here.
There is a stone staircase leading up here.
You fly upwards.
There is a stone staircase leading down here.
There is a stone staircase leading up here.
You fly upwards.
There is a stone staircase leading down here.
There is a staircase leading out of the dungeon here.
You have escaped!

###.##.#########.###....# ##.
........................#### ##
....######.......#.........####
# ##### #......###...........#
# # #.......#......##.##.# # #
#..............##.##.# # #
#...#...#>..#..#...#.# # #
#..###.###.###.#...#.# # #
#...#..@#...#........### #
#....................... #
##......#............### ####
#.....###.....#...#.# # ...#
#......#......#...#.# # ##.##
#.............##.##.### ....#
########............... ##..#
###.>........### #..#
#########.##.####


There were no monsters in sight!

Vanquished Creatures
  the Royal Jelly (Slime:5)
  Dissolution (Slime:5)
  A dread lich (Zot:5)
  5 orbs of fire
  2 ancient liches
  2 juggernauts
  Mara (Depths:1)
  8 Killer Klowns (Zot:5)
  A curse toe (Zot:2)
  A caustic shrike (Depths:4)
  14 golden dragons
  A bone dragon (Vaults:3)
  A Brimstone Fiend (Depths:5)
  A pandemonium lord (Depths:5)
  2 electric golems (Zot:5)
  25 Orb Guardians (Zot:5)
  3 liches
  19 tentacled monstrosities
  2 deep elf master archers (Elf:3)
  2 quicksilver dragons
  6 death cobs
  A deep elf blademaster (Elf:3)
  17 acid blobs
  2 krakens
  4 titans
  An Executioner (D:14)
  6 sphinxes
  Frances (Spider:1)
  7 storm dragons
  Kirke (D:12)
  9 tengu reavers
  6 azure jellies
  8 shadow dragons
  3 draconian monks
  Ilsuiw (Shoals:3)
  10 fire giants
  8 rockslimes
  A fire giant (shapeshifter) (Vaults:5)
  4 draconian knights
  11 deep elf sorcerers
  20 vault wardens
  13 frost giants
  An iron dragon (Depths:3)
  5 ghost moths
  A balrug (D:7)
  Louise (Depths:4)
  3 deep elf elementalists
  4 orc warlords
  A frost giant (shapeshifter) (Depths:3)
  2 draconian scorchers
  4 emperor scorpions
  3 spriggan defenders
  6 draconian shifters
  43 very ugly things
  5 draconian stormcallers
  5 quicksilver oozes
  2 draconian annihilators (Zot:1)
  23 stone giants
  3 vampire knights
  13 ironbound preservers
  5 war gargoyles
  7 deep elf demonologists
  9 black draconians
  The ghost of Paluwo the Brawler, a journeyman TrMo of Nemelex Xobeh (Lair:3)
  4 dire elephants
  3 entropy weavers
  9 spark wasps
  13 green draconians
  5 red draconians
  12 yellow draconians
  7 deep elf annihilators
  6 white draconians
  21 purple draconians
  A blizzard demon (D:12)
  8 merfolk javelineers
  6 crystal guardians
  15 ettins
  6 deep elf death magi
  5 merfolk impalers
  9 statues (WizLab)
  Josephine (D:13)
  10 yaktaur captains
  11 fire dragons
  12 great orbs of eyes
  7 deep elf high priests
  A great orb of eyes (shapeshifter) (Vaults:5)
  3 peacekeepers
  4 rakshasas
  9 ironbound frosthearts
  A hydra (shapeshifter) (Depths:2)
  8 ironbound thunderhulks
  6 boulder beetles
  3 catoblepae (Lair:6)
  34 vault guards
  A quicksilver dragon skeleton (Depths:3)
  A hell beast (Zot:1)
  8 spriggan air magi
  4 merfolk avatars
  17 ice dragons
  7 hydras
  Erica (Orc:1)
  2 ogre magi
  An alligator snapping turtle (Shoals:4)
  26 dancing weapons
  6 merfolk aquamancers
  5 two-headed ogres
  3 deep troll shamans (Depths:3)
  17 centaur warriors
  21 death yaks
  A satyr (Shoals:4)
  4 tengu warriors
  2 death knights
  A death yak (shapeshifter) (Depths:2)
  5 deep troll earth magi
  2 orc high priests (Orc:2)
  5 ironbound beastmasters
  5 spriggan berserkers
  2 sun demons
  Urug (D:13)
  18 deep elf knights
  3 spriggans (Depths:3)
  A storm dragon zombie (Depths:3)
  9 hell knights
  10 iron trolls
  Nergalle (Lair:4)
  6 skeletal warriors
  A swamp dragon (shapeshifter) (Depths:2)
  The ghost of casual the Ducker, a novice DjCj (D:6)
  18 sea snakes
  2 salamander mystics (Depths:4)
  A shadow demon (Depths:1)
  46 deep trolls
  A tengu zombie (Depths:3)
  An infernal demonspawn (D:14)
  2 flayed ghosts
  17 harpies
  5 lindwurms
  14 wizards
  7 glowing orange brains
  An obsidian statue (Zot:2)
  15 deep elf archers
  A glowing orange brain (shapeshifter) (Vaults:5)
  8 phantasmal warriors
  6 orc knights (Vaults:2)
  10 necromancers
  A harpy (shapeshifter) (Vaults:5)
  17 orb spiders
  A tengu skeleton (Vaults:4)
  16 ironbound convokers
  34 deep elf pyromancers
  An orb spider (shapeshifter) (Depths:2)
  27 deep elf zephyrmancers
  5 orc sorcerers (Orc:2)
  2 oklob plants
  18 wolf spiders
  A fire giant zombie (Depths:3)
  A shining eye (Slime:5)
  17 manticores
  5 salamanders (Depths:4)
  9 fauns
  23 moths of wrath
  6 cyclopes
  55 ugly things
  A guardian serpent (shapeshifter) (Elf:1)
  An eye of devastation (shapeshifter) (Depths:5)
  22 vault sentinels
  6 elephants (Lair:6)
  A moth of wrath (shapeshifter) (Depths:2)
  A black mamba (shapeshifter) (Depths:2)
  An elf zombie (Vaults:4)
  7 merfolk sirens
  2 torpor snails
  4 fire giant skeletons
  Maurice (D:8)
  A toenail golem (D:12)
  4 black mambas
  An orange demon (Depths:5)
  4 eyes of devastation (Slime:5)
  11 water nymphs
  3 elf skeletons
  12 cane toads
  Joseph (D:7)
  Maggie (D:6)
  A water nymph (shapeshifter) (Depths:2)
  A gargoyle (D:6)
  10 freezing wraiths
  2 rime drakes
  2 unseen horrors (shapeshifter) (Depths:2)
  34 yaktaurs
  An efreet (D:15)
  7 komodo dragons
  A kobold demonologist (D:14)
  2 yaktaur skeletons (Vaults:4)
  6 demonic crawlers
  16 tengu conjurers
  2 red devils
  30 jumping spiders
  42 merfolk
  2 meliai (shapeshifter)
  A hornet (shapeshifter) (Depths:3)
  A wind drake (shapeshifter) (Depths:2)
  2 trolls
  3 wind drakes
  3 meliai (D:15)
  2 trolls (shapeshifter) (Depths:2)
  12 blink frogs
  12 hornets
  76 slime creatures
  9 snapping turtles
  A sphinx simulacrum (Depths:3)
  A shapeshifter (Depths:2)
  3 air elementals
  A centaur simulacrum (D:13)
  32 tarantellas
  2 vampires
  59 redbacks
  3 shadows
  3 wyverns
  10 water elementals
  3 hogs (D:12)
  51 yaks
  7 wraiths
  Eustachio (D:6)
  2 fire elementals (Elf:1)
  2 steam dragons
  A yak (shapeshifter) (Depths:2)
  2 wyverns (shapeshifter) (Vaults:5)
  6 golden eyes
  A steam dragon (shapeshifter) (Elf:1)
  14 humans (D:13)
  2 basilisks
  8 vampire mosquitoes
  6 wargs
  An acid dragon (D:11)
  Duvessa (D:7)
  3 floating eyes
  15 water moccasins
  An ogre skeleton (Vaults:1)
  An ice beast (D:8)
  31 orc warriors
  5 black bears
  8 boggarts
  3 human zombies
  A tengu (shapeshifter) (D:15)
  A necrophage (D:7)
  11 ogres
  10 wolves
  7 centaurs
  A kobold brigand (D:10)
  17 bullfrogs
  4 scorpions
  A water moccasin zombie (D:7)
  Dowan (D:7)
  A water moccasin skeleton (D:6)
  3 wights (D:10)
  2 electric eels
  2 howler monkeys (D:10)
  3 lava snakes (D:15)
  4 centaur zombies
  2 hounds (D:6)
  21 orc priests
  3 gnoll shamans
  Natasha (thrice) (D:3)
  3 iguanas
  22 orc wizards
  3 howler monkey zombies
  12 gnolls
  A howler monkey skeleton (D:5)
  5 adders
  2 white imps
  2 ufetubi
  2 worms
  An adder skeleton (D:4)
  A dart slug (D:5)
  92 orcs
  6 endoplasms
  A giant cockroach (shapeshifter) (Vaults:5)
  14 goblins
  6 hobgoblins
  5 jackals (D:2)
  3 quokkas
  4 ball pythons
  7 bats
  2 frilled lizards (D:3)
  A jackal skeleton (D:4)
  9 kobolds
  5 rats
  16 blocks of ice
  A plant (Shoals:4)
  7 tentacles
2198 creatures vanquished.

Vanquished Creatures (collateral kills)
  Xtahua (Vaults:2)
  Roxanne (D:15)
  An emperor scorpion (Spider:4)
  A deep elf sorcerer (Elf:3)
  A deep elf annihilator (Elf:3)
  2 crystal guardians
  An ettin (Vaults:5)
  2 peacekeepers
  The ghost of Zanta616 the Chopper, a novice MiGl of Makhleb (D:5)
  An orb spider (Spider:4)
  A jumping spider (Spider:4)
  2 tarantellas (Spider:4)
  2 humans
17 creatures vanquished.

Vanquished Creatures (others)
  An ironbound preserver (Vaults:5)
  A boulder beetle (shapeshifter) (Vaults:5)
  An ogre mage (Vaults:5)
  A deep elf knight (Elf:1)
  A tengu conjurer (WizLab)
  263 blocks of ice
  16 fungi
  105 plants
  2 snaplasher vines
  A tentacle (Shoals:4)
392 creatures vanquished.

Grand Total: 2607 creatures vanquished

Notes
Turn   | Place    | Note
-------+----------+-------------------------------------------
     0 | D:1      | Ge0ff the Djinni Air Elementalist began the quest for the
                  | Orb.
     0 | D:1      | Reached XP level 1. HP: 15/15 MP: 0/0
    82 | D:1      | Reached skill level 1 in Fighting
   505 | D:1      | Reached XP level 2. HP: 20/22 MP: 0/0
   681 | D:1      | Reached skill level 3 in Spellcasting
  1070 | D:2      | Reached XP level 3. HP: 24/27 MP: 0/0
  1070 | D:2      | Learned a level 1 spell: Apportation
  1662 | D:3      | Reached XP level 4. HP: 32/32 MP: 0/0
  1710 | D:3      | Reached skill level 4 in Spellcasting
  1948 | D:3      | Found a faded altar of an unknown god.
  2126 | D:3      | Noticed Natasha
  2129 | D:3      | Killed Natasha
  2130 | D:3      | Reached XP level 5. HP: 37/37 MP: 0/0
  2130 | D:3      | Learned a level 2 spell: Ensorcelled Hibernation
  2138 | D:3      | Noticed Natasha
  2142 | D:3      | Killed Natasha
  2143 | D:3      | Reached skill level 1 in Evocations
  2196 | D:3      | Noticed Natasha
  2200 | D:3      | Killed Natasha
  2473 | D:4      | Identified the ring "Uliu" {Wiz Dex+2}
  2624 | D:4      | Noticed a black bear
  2632 | D:4      | Killed a black bear
  2633 | D:4      | Reached skill level 5 in Spellcasting
  2633 | D:4      | Reached XP level 6. HP: 42/42 MP: 0/0
  2986 | D:4      | Noticed a black bear
  2993 | D:4      | Killed a black bear
  2994 | D:4      | Reached skill level 6 in Spellcasting
  2994 | D:4      | Reached XP level 7. HP: 47/47 MP: 0/0
  2994 | D:4      | Learned a level 3 spell: Inner Flame
  3427 | D:5      | Entered Level 5 of the Dungeon
  3432 | D:5      | Reached skill level 1 in Armour
  3515 | D:5      | Found a staircase to the Ecumenical Temple.
  3527 | Temple   | Entered the Ecumenical Temple
  3536 | Temple   | Became a worshipper of Makhleb the Destroyer
  3664 | D:5      | Found a runed translucent gate.
  3696 | D:5      | Noticed a steam dragon
  3699 | D:5      | Killed a steam dragon
  3700 | D:5      | Reached skill level 7 in Spellcasting
  3700 | D:5      | Reached XP level 8. HP: 46/56 MP: 0/0
  3812 | D:5      | Found a runed translucent gate.
  3813 | D:5      | Found a runed translucent gate.
  3844 | D:5      | Noticed Zanta616's ghost (novice MiGl)
  4165 | D:6      | Found Veffoxuk's General Store.
  4194 | D:6      | Bought a wand of paralysis (2) for 48 gold pieces
  4194 | D:6      | Bought a potion of brilliance for 48 gold pieces
  4194 | D:6      | Bought a scroll of fog for 24 gold pieces
  4414 | D:6      | Reached * piety under Makhleb
  4471 | D:6      | Noticed Maggie
  4491 | D:6      | Killed Maggie
  4492 | D:6      | Reached XP level 9. HP: 16/62 MP: 0/0
  4492 | D:6      | Learned a level 3 spell: Call Canine Familiar
  4492 | D:6      | Noticed Eustachio
  4507 | D:6      | Killed Eustachio
  4700 | D:6      | Found a runed translucent door.
  4703 | D:6      | Noticed casual's ghost (novice DjCj)
  4772 | D:6      | Noticed a gargoyle
  4911 | D:6      | Killed a gargoyle
  4912 | D:6      | Reached skill level 8 in Spellcasting
  5038 | D:6      | Killed casual's ghost
  5039 | D:6      | Reached skill level 5 in Dodging
  5262 | D:7      | Noticed Duvessa
  5268 | D:7      | Killed Duvessa
  5269 | D:7      | Reached skill level 5 in Fighting
  5293 | D:7      | Noticed Dowan
  5295 | D:7      | Killed Dowan
  5456 | D:7      | Reached XP level 10. HP: 52/70 MP: 0/0
  5690 | D:7      | Noticed Joseph
  5729 | D:7      | Killed Joseph
  5729 | D:7      | Reached ** piety under Makhleb
  5730 | D:7      | Reached skill level 5 in Armour
  5854 | D:7      | Reached skill level 9 in Spellcasting
  5879 | D:7      | Reached skill level 5 in Evocations
  6412 | D:8      | Noticed Maurice
  6421 | D:8      | Killed Maurice
  7818 | D:10     | Entered Level 10 of the Dungeon
  7877 | D:10     | Found a staircase to the Orcish Mines.
  7928 | D:10     | Reached *** piety under Makhleb
  8005 | D:10     | Reached skill level 10 in Spellcasting
  8821 | D:11     | Noticed a two-headed ogre
  8823 | D:11     | Killed a two-headed ogre
  8824 | D:11     | Reached XP level 11. HP: 76/79 MP: 0/0
  8824 | D:11     | Learned a level 5 spell: Summon Forest
  9104 | D:11     | Found a staircase to the Lair.
  9150 | D:11     | Noticed a boulder beetle
  9164 | D:11     | Killed a boulder beetle
  9275 | D:11     | Noticed a purple ugly thing
  9278 | D:11     | Killed a purple ugly thing
  9376 | D:11     | Identified the +11 hand axe of Inquiry {drain, Drain rF+
                  | Dex+4}
  9380 | D:11     | Found Suoga's Distillery.
  9387 | D:11     | Bought a potion of attraction for 36 gold pieces
  9390 | D:11     | Bought a potion of heal wounds for 60 gold pieces
 10060 | D:5      | Identified a scroll of acquirement
 10061 | D:5      | Acquired the ring "Fykosum" {rElec Will+ Int+6 Slay+2}
 10117 | D:5      | Killed Zanta616's ghost
 10118 | D:5      | Reached skill level 1 in Throwing
 10317 | D:12     | Noticed Kirke
 10321 | D:12     | Noticed a lindwurm
 10327 | D:12     | Reached **** piety under Makhleb
 10327 | D:12     | Killed Kirke
 10328 | D:12     | Reached skill level 11 in Spellcasting
 10337 | D:12     | Noticed a cyclops
 10342 | D:12     | Killed a cyclops
 10343 | D:12     | Reached XP level 12. HP: 52/86 MP: 0/0
 10343 | D:12     | Noticed Nessos
 10431 | D:12     | Identified the +5 morningstar of the Grave {speed, Str+4}
 10780 | D:12     | Noticed Nessos
 10780 | D:12     | Nessos changed into Nessos the jumping spider
 10783 | D:12     | Killed Nessos the jumping spider
 11190 | Lair:1   | Entered Level 1 of the Lair of Beasts
 11328 | Lair:1   | Reached ***** piety under Makhleb
 11889 | Lair:1   | Reached skill level 12 in Spellcasting
 11889 | Lair:1   | Reached XP level 13. HP: 94/94 MP: 0/0
 11889 | Lair:1   | Learned a level 5 spell: Yara's Violent Unravelling
 11896 | Lair:1   | Identified the +9 trident of Atoit {vorpal, rElec rPois rC+
                  | Str-3}
 12217 | Lair:2   | Found a gate leading to a gauntlet.
 13648 | Lair:2   | Found a staircase to the Shoals.
 14257 | Lair:3   | Found a hole to the Spider Nest.
 14301 | Lair:3   | Found a runed translucent gate.
 14301 | Lair:3   | Found a runed translucent gate.
 14301 | Lair:3   | Found a runed translucent gate.
 14302 | Lair:3   | Noticed Paluwo's ghost (journeyman TrMo)
 14388 | Lair:3   | Killed Paluwo's ghost
 14639 | Lair:4   | Noticed Nergalle
 14645 | Lair:4   | Killed Nergalle
 15408 | Lair:5   | Reached skill level 5 in Throwing
 15493 | Lair:5   | Reached ****** piety under Makhleb
 15647 | Lair:5   | Reached XP level 14. HP: 102/102 MP: 0/0
 15796 | Lair:5   | Found a staircase to the Slime Pits.
 15797 | Lair:5   | Found a viscous altar of Jiyva.
 16011 | Lair:6   | Entered Level 6 of the Lair of Beasts
 16034 | Lair:6   | Reached skill level 10 in Fighting
 16042 | Lair:6   | Reached skill level 13 in Spellcasting
 16359 | Lair:6   | Reached skill level 10 in Evocations
 17319 | Orc:1    | Entered Level 1 of the Orcish Mines
 17331 | Orc:1    | Reached XP level 15. HP: 67/109 MP: 0/0
 17331 | Orc:1    | Learned a level 6 spell: Starburst
 17342 | Orc:1    | Noticed Erica
 17347 | Orc:1    | Killed Erica
 17348 | Orc:1    | Reached skill level 1 in Shields
 17650 | Orc:2    | Entered Level 2 of the Orcish Mines
 17771 | Orc:2    | Found a staircase to the Elven Halls.
 17794 | Orc:2    | Found Nyutadid's Antique Armour Shop.
 17989 | Orc:2    | Noticed an orc warlord
 18003 | Orc:2    | Killed an orc warlord
 18004 | Orc:2    | Reached skill level 10 in Dodging
 18124 | Orc:2    | Noticed an orc warlord
 18128 | Orc:2    | Killed an orc warlord
 18264 | Orc:2    | Found Keehiwol's Magic Scroll Emporium.
 18269 | Orc:2    | Bought a scroll of identify for 22 gold pieces
 18269 | Orc:2    | Bought a scroll of identify for 22 gold pieces
 18269 | Orc:2    | Bought a scroll of identify for 22 gold pieces
 18374 | Orc:2    | Found Etexzic's Antique Weapon Boutique.
 18376 | Orc:2    | Found Zyohul's Antique Armour Shop.
 18383 | Orc:2    | Bought a scorched long sword for 195 gold pieces
 18383 | Orc:2    | Identified the +7 long sword "Soczyjuuga" {vorpal, *Slow
                  | rN+ Str+3 Dex+7} (You bought it in a shop on level 2 of the
                  | Orcish Mines)
 18881 | D:13     | Found a gate to the Vaults.
 18885 | D:13     | Noticed Urug
 18891 | D:13     | Killed Urug
 18898 | D:13     | Noticed Josephine
 18903 | D:13     | Killed Josephine
 18965 | D:13     | Reached skill level 14 in Spellcasting
 19402 | D:14     | Found Ozaamiap's Distillery.
 19433 | D:14     | Found Remedgh's General Store.
 19443 | D:14     | Bought a scroll of identify for 36 gold pieces
 19579 | D:14     | Found Diton's Antique Armour Shop.
 19593 | D:14     | Bought a runed cloak for 247 gold pieces
 19677 | D:14     | Identified the +1 cloak of the Ladybird {Will+ Regen+}
 20165 | D:14     | Reached skill level 10 in Armour
 20583 | D:14     | Found Yzoi's Antique Weapon Boutique.
 20587 | D:14     | Bought a masterwork whip for 187 gold pieces
 20587 | D:14     | Identified the +11 whip "Stringbean" {freeze, Contam rPois
                  | Will+++ Stlth-} (You bought it in a shop on level 14 of the
                  | Dungeon)
 20596 | D:15     | Entered Level 15 of the Dungeon
 20782 | D:15     | Reached XP level 16. HP: 116/116 MP: 0/0
 20950 | D:15     | Noticed Roxanne
 21199 | D:15     | Found a staircase to the Depths.
 21695 | Spider:1 | Entered Level 1 of the Spider Nest
 21696 | Spider:1 | Upgraded the game from 0.27-a0-1049-g450f9b2e0d to
                  | 0.27-a0-1060-gcb85b5eba1
 22013 | Spider:1 | Noticed Frances
 22018 | Spider:1 | Killed Frances
 22570 | Spider:2 | Identified the -1 helmet "Goame" {rCorr Int+4 Dex+2}
 22837 | Spider:3 | Reached skill level 15 in Spellcasting
 23475 | Spider:4 | Entered Level 4 of the Spider Nest
 23484 | Spider:4 | Reached XP level 17. HP: 124/124 MP: 0/0
 23484 | Spider:4 | Learned a level 7 spell: Spellforged Servitor
 24300 | Spider:4 | Got a gossamer rune of Zot
 24498 | Shoals:1 | Entered Level 1 of the Shoals
 24800 | Shoals:1 | Reached skill level 5 in Shields
 25057 | Shoals:1 | Found Cugea's Magic Scroll Emporium.
 25065 | Shoals:1 | Bought a scroll of blinking for 82 gold pieces
 25388 | Shoals:2 | Reached skill level 16 in Spellcasting
 26149 | Shoals:3 | Noticed a kraken
 26156 | Shoals:3 | Killed a kraken
 26157 | Shoals:3 | Reached XP level 18. HP: 132/132 MP: 0/0
 26246 | Shoals:3 | Noticed Ilsuiw
 26264 | Shoals:3 | Killed Ilsuiw
 26415 | Shoals:3 | Found Xabuan's Antique Armour Shoppe.
 26429 | Shoals:3 | Bought a transparent cloak for 237 gold pieces
 26429 | Shoals:3 | Identified the +0 cloak "Vist" {Harm rElec Slay-4} (You
                  | bought it in a shop on level 3 of the Shoals)
 26429 | Shoals:3 | Bought a glowing helmet for 187 gold pieces
 26429 | Shoals:3 | Bought a shiny helmet for 187 gold pieces
 27360 | Shoals:4 | Entered Level 4 of the Shoals
 27597 | Shoals:4 | Identified the ring of Goickoet {rPois Will+ Str+7 Int+2
                  | Dex-4}
 27866 | Shoals:4 | Got a barnacled rune of Zot
 28607 | Shoals:4 | Found the brooch of Shielding {Spirit SH+8}
 28649 | Shoals:4 | Found the amulet of the Four Winds {rN+ Will+++ Clar}
 28861 | Elf:1    | Entered Level 1 of the Elven Halls
 29194 | Elf:1    | Reached skill level 17 in Spellcasting
 29581 | Elf:1    | Reached XP level 19. HP: 133/139 MP: 0/0
 29581 | Elf:1    | Learned a level 6 spell: Statue Form
 29650 | Elf:1    | Reached skill level 10 in Shields
 30001 | Elf:1    | Identified the +4 trident "Embalmer" {vorpal, rN+ Int+4}
 30107 | Elf:1    | You are sucked into a shaft and drop 1 floor!
 30290 | Elf:2    | Found a runed translucent gate.
 30290 | Elf:2    | Found a runed translucent gate.
 30293 | Elf:2    | Found a runed translucent gate.
 30838 | Elf:2    | Found Ammusono's Magic Scroll Shoppe.
 30879 | Elf:2    | Bought a scroll of immolation for 52 gold pieces
 30879 | Elf:2    | Bought a scroll of teleportation for 45 gold pieces
 30879 | Elf:2    | Bought a scroll of teleportation for 45 gold pieces
 30879 | Elf:2    | Bought a scroll of teleportation for 45 gold pieces
 31202 | Elf:3    | Entered Level 3 of the Elven Halls
 31836 | Elf:3    | Identified the +0 pair of gloves of Lucidity {+Blink rF-
                  | Str+9 Stlth+}
 32011 | Elf:3    | Reached XP level 20. HP: 111/148 MP: 0/0
 32050 | Elf:3    | Identified the +0 troll leather armour of Impatience {rPois
                  | Regen+ Slay+2}
 32213 | Elf:3    | Reached skill level 18 in Spellcasting
 32556 | Elf:3    | Identified the ring of the Salmon {Wiz rPois Will+ Str-4
                  | Int+6}
 32593 | Elf:3    | Reached skill level 15 in Fighting
 32602 | Elf:3    | Identified the +4 war axe of Superiority {holy, rElec rCorr
                  | Int+3}
 32727 | Elf:3    | Identified the +0 falchion "Xauzeteg" {vamp, Str+2 Int+2}
 32822 | Elf:3    | Identified the +0 ring mail "Zeupnudi" {rF++ rCorr Int-5}
 32856 | Elf:3    | Identified the +7 plate armour of Hiysm {rPois rF+ Will++}
 33263 | Vaults:1 | Entered Level 1 of the Vaults
 33583 | Vaults:1 | Identified the +2 glaive "Gaoss" {elec, *Rage rElec rF+
                  | rC+}
 33813 | Vaults:1 | Reached XP level 21. HP: 156/156 MP: 0/0
 33813 | Vaults:1 | Learned a level 8 spell: Necromutation
 34251 | Vaults:1 | Identified the +0 plate armour of Nueleow {Will+}
 34838 | Vaults:2 | Reached skill level 19 in Spellcasting
 35100 | Vaults:2 | Noticed Xtahua
 35113 | Vaults:2 | Killed Xtahua
 35159 | Vaults:2 | Identified the +1 robe "Juhikhlo" {rC++}
 35387 | Vaults:2 | Reached skill level 15 in Shields
 36528 | Vaults:3 | Reached XP level 22. HP: 126/164 MP: 0/0
 37147 | Vaults:3 | Found Cuijatz's Armour Emporium.
 37264 | Vaults:3 | Found a staircase to the Crypt.
 39096 | Vaults:5 | Entered Level 5 of the Vaults
 39101 | Vaults:5 | Noticed a golden dragon
 39107 | Vaults:5 | Reached XP level 23. HP: 165/171 MP: 0/0
 39107 | Vaults:5 | Learned a level 8 spell: Borgnjor's Revivification
 39115 | Vaults:5 | Killed a golden dragon
 39116 | Vaults:5 | Reached skill level 20 in Spellcasting
 39406 | Vaults:5 | Noticed a golden dragon
 39414 | Vaults:5 | Killed a golden dragon
 39483 | Vaults:5 | Identified the ring "Istresaita" {Str+6 Int+2}
 39484 | Vaults:5 | Noticed an ancient lich
 39508 | Vaults:5 | Noticed a golden dragon
 39510 | Vaults:5 | Killed an ancient lich
 39520 | Vaults:5 | Killed a golden dragon
 40017 | Vaults:5 | Identified the +5 chain mail of Laureo {rF- Regen+ SInv}
 40111 | Vaults:5 | Identified the +11 spear "Uhin" {flame, Fly rC+ Str+4
                  | Int-5}
 40158 | Vaults:5 | Found the +3 warlock's mirror {reflect}
 40239 | Vaults:5 | Got a silver rune of Zot
 40256 | Vaults:5 | Reached XP level 24. HP: 179/179 MP: 0/0
 40932 | Depths:1 | Entered Level 1 of the Depths
 40936 | Depths:1 | Noticed Mara
 40938 | Depths:1 | Noticed Ge0ff's illusion
 40951 | Depths:1 | Killed Mara
 41026 | Depths:1 | Found a gateway to Hell.
 41047 | Depths:1 | Reached skill level 15 in Dodging
 41128 | Depths:1 | Reached XP level 25. HP: 184/184 MP: 0/0
 41128 | Depths:1 | Learned a level 8 spell: Ignition
 41519 | Slime:1  | Entered Level 1 of the Pits of Slime
 41911 | Slime:4  | Reached skill level 21 in Spellcasting
 42385 | Slime:5  | Entered Level 5 of the Pits of Slime
 42385 | Slime:5  | Noticed Dissolution
 42391 | Slime:5  | Killed Dissolution
 42407 | Slime:5  | Noticed the Royal Jelly
 42414 | Slime:5  | Killed the Royal Jelly
 42415 | Slime:5  | Reached skill level 15 in Armour
 42451 | Slime:5  | Reached skill level 15 in Evocations
 42454 | Slime:5  | Found the +11 plutonium sword {Contam Stlth-}
 42464 | Slime:5  | Identified the +10 mace "Epaewn" {vorpal, Str-3 Dex+3 SInv}
 42467 | Slime:5  | Identified the +9 mace "Lenithij" {venom, rElec rPois}
 42475 | Slime:5  | Identified the ring "Byishref" {Will+++ rCorr Str-3 Dex+7
                  | SInv}
 42492 | Slime:5  | Identified the +7 fustibalus of Turmoil {flame, +Blink
                  | rPois rCorr}
 42527 | Slime:5  | Identified the ring "Nuuvvysm" {*Corrode rPois MP-9 AC+4
                  | Int+9}
 42546 | Slime:5  | Got a slimy rune of Zot
 42550 | Slime:5  | Identified the +1 leather armour "Lodoel" {Drain rN+ Dex+2}
 42568 | Slime:5  | Identified the amulet "Tamoery" {Reflect Harm Rampage Int+4
                  | SH+5}
 42935 | D:15     | Killed Roxanne
 43530 | Depths:2 | Found a magical portal.
 43535 | WizLab   | Entered Iskenderun's Mystic Tower
 43840 | WizLab   | Reached XP level 26. HP: 141/193 MP: 0/0
 44378 | WizLab   | Identified Iskenderun's Disquisition on Confrontation
 44378 | WizLab   | Identified Iskenderun's Catalogue of Battle Magic
 44401 | WizLab   | Identified Toegg's Grimoire of Conjuration and the Voyage
 45535 | Depths:2 | Noticed a juggernaut
 45540 | Depths:2 | Killed a juggernaut
 45701 | Depths:2 | Identified the +9 war axe "Tulite" {drain, rF+ Str+4
                  | Stlth+}
 46141 | Depths:3 | Reached skill level 22 in Spellcasting
 46392 | Depths:3 | Identified the +1 crystal plate armour of Proximity {Str+7
                  | Slay-3}
 46478 | Depths:3 | Found a gateway to a ziggurat.
 46657 | Depths:3 | Found a one-way gate leading to the halls of Pandemonium.
 46843 | Depths:3 | Reached XP level 27. HP: 201/201 MP: 0/0
 46843 | Depths:3 | Learned a level 9 spell: Absolute Zero
 47673 | Depths:4 | Noticed Louise
 47675 | Depths:4 | Found a one-way gate to the infinite horrors of the Abyss.
 47676 | Depths:4 | Killed Louise
 48803 | Depths:5 | Entered Level 5 of the Depths
 48814 | Depths:5 | Noticed a juggernaut
 48817 | Depths:5 | Killed a juggernaut
 49022 | Depths:5 | Found Juang's Book Shoppe.
 49022 | Depths:5 | Found Qyiviv Legix's Jewellery Boutique.
 49023 | Depths:5 | Found Ragimun's Book Shoppe.
 49396 | Depths:5 | Found a gate to the Realm of Zot.
 49534 | Depths:5 | Reached skill level 23 in Spellcasting
 49875 | Shoals:1 | Bought a scroll of teleportation for 33 gold pieces
 49875 | Shoals:1 | Bought 3 scrolls of magic mapping for 115 gold pieces
 50138 | Elf:2    | Bought a scroll of vulnerability for 112 gold pieces
 50138 | Elf:2    | Bought a scroll of magic mapping for 52 gold pieces
 50138 | Elf:2    | Bought a scroll of fog for 30 gold pieces
 50138 | Elf:2    | Bought a scroll of magic mapping for 52 gold pieces
 50381 | Orc:2    | Bought a scroll of teleportation for 33 gold pieces
 50381 | Orc:2    | Bought a scroll of teleportation for 33 gold pieces
 50381 | Orc:2    | Bought a scroll of enchant armour for 82 gold pieces
 50381 | Orc:2    | Bought 3 scrolls of teleportation for 99 gold pieces
 50524 | D:14     | Bought a potion of haste for 110 gold pieces
 50524 | D:14     | Bought a potion of curing for 33 gold pieces
 50524 | D:14     | Bought a potion of cancellation for 88 gold pieces
 50524 | D:14     | Bought a potion of lignification for 33 gold pieces
 50524 | D:14     | Bought 2 potions of lignification for 66 gold pieces
 50572 | D:11     | Bought a potion of might for 48 gold pieces
 50572 | D:11     | Bought a potion of curing for 36 gold pieces
 50572 | D:11     | Bought a potion of brilliance for 48 gold pieces
 50572 | D:11     | Bought a potion of haste for 120 gold pieces
 50572 | D:11     | Bought 2 potions of curing for 72 gold pieces
 50626 | D:14     | Bought a scroll of fog for 36 gold pieces
 50896 | Zot:1    | Entered Level 1 of the Realm of Zot
 51862 | Zot:2    | Found a transporter.
 51880 | Zot:2    | Found a transporter.
 52190 | Zot:2    | You are sucked into a shaft and drop 1 floor!
 52871 | Zot:2    | Identified the +8 great mace "Ultimatum" {chaos, rN+ Will+
                  | Int-5}
 53955 | Zot:4    | Noticed an orb of fire
 53956 | Zot:4    | Killed an orb of fire
 53957 | Zot:4    | Reached skill level 24 in Spellcasting
 54505 | Zot:5    | Entered Level 5 of the Realm of Zot
 54505 | Zot:5    | Noticed an orb of fire
 54673 | Zot:5    | Found a basalt altar of Yredelemnul.
 54896 | Zot:5    | Killed an orb of fire
 54920 | Zot:5    | Noticed a dread lich
 54923 | Zot:5    | Killed a dread lich
 54971 | Zot:5    | Noticed an orb of fire
 54972 | Zot:5    | Noticed an orb of fire
 54973 | Zot:5    | Killed an orb of fire
 54978 | Zot:5    | Killed an orb of fire
 55046 | Zot:5    | Noticed an orb of fire
 55049 | Zot:5    | Killed an orb of fire
 55078 | Zot:5    | Found a basalt altar of Yredelemnul.
 55156 | Zot:5    | Noticed an ancient lich
 55157 | Zot:5    | Killed an ancient lich
 55333 | Zot:5    | Reached skill level 25 in Spellcasting
 55697 | Zot:5    | Got the Orb of Zot
 55866 | Depths:5 | Noticed Hohairph the pandemonium lord
 55869 | Depths:5 | Killed Hohairph the pandemonium lord
 56287 | D:$      | Escaped with the Orb!

Illustrated notes

Levels and vault maps discovered:
D:1:      minmay_arrival_five_plusses, layout_loops_ring, minmay_tromino_i4
D:2:      layout_rooms, minmay_split_cup_small
D:3:      layout_basic, ebering_ecumenical_altar_sacrificial, uniq_natasha
D:4:      layout_basic, nicolae_overflow_crystal_walls,
          chequers_serial_rivers_room_b, minmay_ogre_servants
D:5:      layout_rooms, minmay_temple_entry_drinking_statues,
          ebering_ghost_rock_garden, chequers_serial_rivers_room_a,
          chequers_garden, nrook_mini_vaults
D:6:      layout_basic, serial_shops, shop, ebering_ghost_sewer_d,
          uniq_eustachio, uniq_maggie
D:7:      layout_basic, hangedman_abyss_or_decor_stabs, dk_vineyard_1,
          uniq_duvessa, uniq_joseph
D:8:      layout_layer_cave, uniq_maurice
D:9:      layout_roguey, amcnicky_mini_rare_corridor_liquid
D:10:     layout_basic, david_orc_3
D:11:     layout_basic, erik_lair_orcish_takeover, serial_shops,
          nicolae_shop_temple_entry_statues_fountains
D:12:     layout_cave_pools, uniq_nessos, uniq_kirke
D:13:     layout_cave_pools, david_vaults_3, uniq_josephine
D:14:     layout_grid_maze, serial_shops, shop, shop, nicolae_shop_statue_plus,
          nicolae_shop_behind_doors, minivault_23, kennysheep_generic_room_6
D:15:     grunt_enter_depths_hoard, layout_irregular_city, kennysheep_doodads,
          uniq_roxanne
Temple:   compressed_dpeg_triangle_lava_temple
Lair:1:   layout_layer_cave, minmay_lair_oklob_bushes,
          hangedman_lair_unloving_vines, lemuel_fruit_tree
Lair:2:   layout_cave_pods, elwin_shoals_entry_rooms, gauntlet_entry_generic,
          cheibrodos_lair_caveside_slide, minivault_25
Lair:3:   layout_gridlike, nicolae_spider_entry_orb_guardian,
          ebering_ghost_rock_garden
Lair:4:   layout_roguey, grunt_megastairs_4, uniq_nergalle
Lair:5:   layout_roguey, slime_altar_1
Lair:6:   evilmike_catoblepas_cave, layout_cave_pods, minmay_lair_oklob_items,
          lemuel_fruit_fields
Shoals:1: layout_shoals, serial_shops, nicolae_shop_waterfront,
          nicolae_shoals_wave_tunnel
Shoals:2: layout_shoals
Shoals:3: layout_shoals, serial_shops, nicolae_shop_competitors_out_of_business,
          uniq_ilsuiw
Shoals:4: shoals_end_simple, layout_shoals
Spider:1: layout_spider_delve, drop_trap, uniq_frances
Spider:2: layout_spider_delve
Spider:3: layout_spider_delve, hangedman_spider_tarantella_strand
Spider:4: spider_rune_water
Slime:1:  layout_caves
Slime:2:  layout_caves
Slime:3:  layout_caves
Slime:4:  cheibrodos_slime_lost_civilization_3, layout_caves
Slime:5:  uniq_dissolution
Orc:1:    layout_caves, uniq_erica
Orc:2:    grunt_orc_community_town_hall, layout_diamond_mine,
          grunt_orc_community_big_house_2, grunt_orc_community_big_house_2,
          grunt_orc_community_house_2, grunt_orc_community_house_1,
          grunt_orc_community_house_2, grunt_orc_community_house_3
Elf:1:    eino_elf_arrival_customs, layout_loops_corners, evilmike_minifort,
          patterned_corridor, grunt_megastairs_3
Elf:2:    layout_geoelf_grid, serial_shops, nicolae_shop_stone
Elf:3:    minmay_elf_hall_golems, layout_onion_city, uniq_louise
Vaults:1: vaults_dpeg_cross, nicolae_vaults_circle_grid_b,
          vaults_mumra_minichess, nicolae_vaults_network_periphery, v_pattern_2,
          grunt_vaults_funnel, ontoclasm_vaults_ligature, v_misc_1,
          nicolae_vaults_shelves_hall, vaults_room_stairs_pillars, v_misc_31,
          v_misc_23, layout_vaults_big_room
Vaults:2: hangedman_vaults_impose, hangedman_vaults_capsules, v_misc_4,
          ontoclasm_vaults_fault, vaults_room_corners,
          nicolae_vaults_lopsided_apartments, v_misc_12, vaults_dpeg_spiral,
          hangedman_vaults_variations, nicolae_vaults_three_branches,
          layout_vaults_big_cross, uniq_xtahua
Vaults:3: minmay_crypt_entry_nasty_monster, nicolae_vaults_little_squares_4,
          ontoclasm_vaults_spin, ontoclasm_vaults_hangar, vaults_mumra_lcd,
          grunt_vaults_diagonal, nicolae_vaults_mini_display_case,
          layout_vaults_omnigrid, serial_shops, shop
Vaults:4: nicolae_vaults_windows_and_doors_thing, nicolae_vaults_rhombus_6,
          ontoclasm_vaults_gateway, nicolae_vaults_inception_network, v_rooms_3,
          ontoclasm_vaults_ring_small, nicolae_vaults_diagonal_hallway_7,
          nicolae_vaults_border_crossing, nicolae_vaults_circle_grid_a,
          v_misc_33, nicolae_vaults_ring_of_whatevers, v_alt_pattern_6,
          nicolae_vaults_asterisk, layout_vaults_maze_snakey
Vaults:5
Depths:1: minmay_glassy_protrusions, layout_cave_pools, hell_entry,
          columned_hall_lemuel, grunt_decor_fettered, kennysheep_generic_room_2,
          uniq_mara
Depths:2: vault_1, layout_gridlike, pf_coc_iceberg,
          infiniplex_enter_wizlab_spiral, serial_sigils_hangedman_scratch,
          minmay_misc_feat_nine_boxes, minmay_misc_feat_ornament,
          grunt_ministairs_13
Depths:3: grunt_crosshair, layout_basic, enter_ziggurat_f, minmay_crystal_water,
          hell_entry, rand_demon_pan_entry_1,
          hangedman_abyss_or_decor_jellyfish_corner, grunt_ministairs_15,
          infiniplex_staircase_star
Depths:4: minmay_inside_and_out, layout_basic,
          nicolae_abyss_entry_one_way_or_another, hell_entry, minmay_holes
Depths:5: grunt_zot_entry_funnels, layout_cave_pools, abyss_entry_glasseish,
          hell_entry, chequers_serial_rivers_large_b, serial_bayou_shore_b,
          serial_bayou_shore_b, minmay_shop_grove
Zot:1:    kennysheep_oblong_rooms, layout_misc_corridors
Zot:2:    gammafunk_sealed_arena, layout_gridlike
Zot:3:    layout_gridlike, lemuel_elevator
Zot:4:    layout_concentric_octagons
Zot:5:    layout_twisted_circle, basic_altar

Skill      XL: |  1  2  3  4  5  6  7  8  9 10 11 12 13 14 15 16 17 18 19 20 21 22 23 24 25 26 27 |
---------------+----------------------------------------------------------------------------------+-----
Fighting       | 1 3 4 5 7 8 9 10 11 12 13 14 15 16 17 18 20 | 20.0
Spellcasting   | 3 4 5 6 7 8 10 11 12 13 14 15 16 17 18 19 20 21 22 25 | 25.0
Evocations     | 2 3 4 6 7 8 9 10 11 12 13 14 15 16 17 | 17.0
Armour         | 2 3 4 5 7 8 9 10 12 13 14 15 17 | 17.0
Dodging        | 3 4 5 7 8 9 10 12 13 14 15 17 | 17.0
Throwing       | 2 3 5 6 |  6.0
Shields        | 4 6 9 12 14 15 16 17 21 | 21.9
Stealth        | |  1.5

Action                   |  1- 3 |  4- 6 |  7- 9 | 10-12 | 13-15 | 16-18 | 19-21 | 22-24 | 25-27 || total
-------------------------+-------+-------+-------+-------+-------+-------+-------+-------+-------++-------
Melee: Falchion          |       |       |       |     2 |       |       |       |       |       ||     2
       Staff             |       |       |       |       |     4 |     2 |     2 |     1 |    37 ||    46
Throw: Dart              |       |       |       |     6 |    10 |       |       |     5 |     2 ||    23
       Throwing net      |       |       |       |       |       |       |       |     2 |       ||     2
 Cast: Shock             |    73 |    84 |    30 |     4 |     1 |       |       |       |       ||   192
       Static Discharge  |       |     2 |    11 |    46 |    66 |     9 |       |     5 |       ||   139
       Airstrike         |       |       |    85 |   163 |   157 |    95 |   185 |    53 |    23 ||   761
       Inner Flame       |       |       |     3 |       |     2 |       |     1 |     1 |       ||     7
       Call Canine Famil |       |       |     1 |     4 |     7 |       |     6 |     2 |     2 ||    22
       Lightning Bolt    |       |       |       |    80 |   272 |   394 |   373 |   135 |   415 ||  1669
       Starburst         |       |       |       |       |    38 |   191 |   142 |   236 |   155 ||   762
       Spellforged Servi |       |       |       |       |       |     3 |       |       |     1 ||     4
       Summon Forest     |       |       |       |       |       |       |     6 |     3 |     1 ||    10
       Ignition          |       |       |       |       |       |       |       |       |    38 ||    38
       Absolute Zero     |       |       |       |       |       |       |       |       |   292 ||   292
Evoke: Wand              |       |       |     2 |     6 |     2 |     7 |       |     8 |     2 ||    27
       Phial of floods   |       |       |       |       |       |     1 |     2 |     2 |     1 ||     6
       Condenser vane    |       |       |       |       |       |       |     1 |     2 |     1 ||     4
       Phantom mirror    |       |       |       |       |       |       |     1 |     3 |     1 ||     5
       Box of beasts     |       |       |       |       |       |       |     1 |     2 |     1 ||     4
       Lightning rod     |       |       |       |       |       |       |       |       |     3 ||     3
  Use: Scroll            |     1 |     4 |     4 |    10 |    15 |     6 |     5 |     3 |    19 ||    67
       Potion            |       |       |     1 |     1 |       |     1 |       |     4 |     4 ||    11
Armor: Robe              |     2 |     1 |       |       |       |       |       |       |       ||     3
       Leather armour    |       |       |     4 |       |       |       |       |       |       ||     4
       Swamp dragon scal |       |       |    14 |     5 |       |       |       |       |       ||    19
       Troll leather arm |       |       |       |    22 |    33 |    68 |    14 |    41 |    48 ||   226
Dodge: Dodged            |    13 |     1 |    18 |    57 |   109 |   212 |    74 |    92 |   108 ||   684
Block: Buckler           |       |       |       |       |    14 |    43 |       |       |       ||    57
       Kite shield       |       |       |       |       |       |    49 |    74 |    85 |   110 ||   318
       Reflection        |       |       |       |       |       |    11 |    19 |       |       ||    30
       Rpst.: Falchion   |       |       |     1 |    16 |    16 |       |       |       |       ||    33

Table legend: (Time is in decaauts)
 A = Elapsed time spent in this place.
 B = Non-inter-level travel time spent in this place.
 C = Inter-level travel time spent in this place.
 D = Time resting spent in this place.
 E = Time spent auto-exploring this place.
 F = Levels seen in this place.
 G = Mean time per level.
                   A        B        C        D        E       F      G
               +--------+--------+--------+--------+--------+-----+--------+
         Total |  56376 |  49873 |   6503 |   2295 |  37790 |  56 | 1006.7 |
       Dungeon |  15582 |  13074 |   2508 |    736 |  10159 |  15 | 1038.8 |
        Temple |     60 |     45 |     15 |      0 |      0 |   1 |   60.0 |
          Lair |   6728 |   5885 |    843 |    485 |   4526 |   6 | 1121.3 |
        Shoals |   4102 |   3637 |    465 |     75 |   2859 |   4 | 1025.5 |
   Spider Nest |   2746 |   2439 |    307 |     17 |   1863 |   4 |  686.5 |
    Slime Pits |   1139 |    973 |    166 |     53 |    649 |   5 |  227.8 |
  Orcish Mines |   1711 |   1348 |    363 |      0 |   1024 |   2 |  855.5 |
   Elven Halls |   4574 |   4086 |    488 |    340 |   2821 |   3 | 1524.7 |
        Vaults |   7589 |   7317 |    272 |    298 |   5314 |   5 | 1517.8 |
        Depths |   6274 |   5864 |    410 |     26 |   4781 |   5 | 1254.8 |
           Zot |   4957 |   4293 |    664 |     59 |   3412 |   5 |  991.4 |
        Wizlab |    907 |    907 |      0 |    206 |    382 |   1 |  907.0 |
               +--------+--------+--------+--------+--------+-----+--------+

Top non-repeatable levels by time:
  Lair:2: 1983 daAuts
   Elf:3: 1942 daAuts
Depths:2: 1729 daAuts
   Elf:1: 1687 daAuts
Depths:3: 1651 daAuts
Vaults:3: 1613 daAuts
Vaults:5: 1576 daAuts
    D:11: 1567 daAuts
Vaults:4: 1567 daAuts
    D:14: 1558 daAuts
Vaults:2: 1428 daAuts
Vaults:1: 1403 daAuts
   Zot:2: 1267 daAuts
Depths:4: 1259 daAuts
    D:15: 1256 daAuts
